 Dungeon Crawl Stone Soup version 0.28.0-1-gb440e238dd (webtiles) character file.

Game seed: 3362816809518373621

46758 enile the Eclecticist (level 14, -5/82 HPs)
             Began as a Deep Elf Earth Elementalist on Feb 20, 2022.
             Was an Elder of Qazlal.
             Shot with a bolt by a yaktaur (27 damage)
             ... on level 11 of the Dungeon.
             The game lasted 02:00:40 (31506 turns).

enile the Eclecticist (DEEE)                       Turns: 31506, Time: 02:00:41

Health: -5/82      AC: 10    Str:  5    XL:     14   Next: 6%
Magic:  0/35       EV: 18    Int: 29    God:    Qazlal [****..]
Gold:   989        SH: 11    Dex: 23    Spells: 28/43 levels left

rFire   . . .      SeeInvis .   o - +7 whip "Hoereagg" {pain, rPois Int+3}
rCold   . . .      Faith    .   K - +0 buckler
rNeg    . . .      Spirit   +   s - +0 troll leather armour
rPois   +          Reflect  .   T - +0 helmet of Curiosity {Dex+2}
rElec   .          Harm     .   q - +0 cloak
rCorr   .          Rampage  +   (no gloves)
Will    +....                   N - +2 pair of boots {rampage}
Stlth   ++........              c - amulet of guardian spirit
HPRegen 1.03/turn               d - ring of wizardry
MPRegen 0.24/turn               S - +6 ring of dexterity

@: repel missiles
A: no striking features
a: Renounce Religion, Upheaval, Elemental Force


You were on level 11 of the Dungeon.
You worshipped Qazlal.
Qazlal was greatly pleased with you.
You visited 2 branches of the dungeon, and saw 17 of its levels.

You collected 1290 gold pieces.
You spent 301 gold pieces at shops.

Inventory:

Hand Weapons
 o - the +7 whip "Hoereagg" (weapon) {pain, rPois Int+3}
   (You took it off a kobold on level 2 of the Dungeon)

   In the hands of one skilled in necromantic magic, it inflicts extra damage on
   living creatures.
   Int:       It affects your intelligence (+3).
   rPois:     It protects you from poison.
 E - a +3 flail of protection
 I - a +0 spectral quarterstaff
 Q - a +0 flail of holy wrath
Missiles
 U - 2 curare-tipped darts
 W - 2 throwing nets (quivered)
Armour
 a - +0 swamp dragon scales
 m - a +1 robe of cold resistance
 q - a +0 cloak (worn)
 s - a +0 troll leather armour (worn)
 B - +0 acid dragon scales
 K - a +0 buckler (worn)
 L - a +2 robe of positive energy
 N - a +2 pair of boots of rampaging (worn)
 O - a +3 scale mail
 T - the +0 helmet of Curiosity (worn) {Dex+2}
   (You found it on level 9 of the Dungeon)

   Dex:       It affects your dexterity (+2).
Magical Staves
 e - a staff of earth
Jewellery
 c - an amulet of guardian spirit (around neck)
 d - a ring of wizardry (left hand)
 t - a ring of flight
 F - a +4 ring of slaying
 G - an amulet of reflection
 S - a +6 ring of dexterity (right hand)
Wands
 g - a wand of flame (9)
 u - a wand of mindburst (13)
 P - a wand of digging (5)
 R - a wand of iceblast (2)
 V - a wand of charming (2)
 X - a wand of acid (9)
 Y - a wand of polymorph (1)
Scrolls
 f - a scroll of torment
 n - 2 scrolls of magic mapping
 z - 4 scrolls of immolation
 C - 5 scrolls of amnesia
 D - 3 scrolls of fog
Potions
 b - 2 potions of haste
 k - 4 potions of curing
 l - 3 potions of brilliance
 p - a potion of resistance
 r - 5 potions of might
 v - 4 potions of mutation
 w - a potion of ambrosia
 x - 5 potions of cancellation
 H - 3 potions of attraction
 J - 2 potions of flight
 M - a potion of heal wounds
 Z - 3 potions of lignification
Miscellaneous
 h - a phantom mirror (inert)


   Skills:
 - Level 7.0 Fighting
 - Level 5.6 Short Blades
 - Level 4.0 Armour
 - Level 10.0 Dodging
 - Level 5.0 Stealth
 + Level 2.6 Shields
 - Level 15.0 Spellcasting
 - Level 10.0 Conjurations
 - Level 1.1 Transmutations
 - Level 11.0 Earth Magic
 - Level 8.0 Invocations
 - Level 8.0 Evocations


You had 28 spell levels left.
You knew the following spells:

 Your Spells              Type           Power      Damage    Failure   Level
b - Stone Arrow           Conj/Erth      100%       3d13      1%          3
c - Petrify               Tmut/Erth      54%        N/A       1%          4
d - Passwall              Tmut/Erth      45%        N/A       1%          2
e - Iron Shot             Conj/Erth      35%        9d7       4%          6

Your spell library contained the following spells:

 Spells                   Type           Power      Damage    Failure   Level
 Freeze                   Ice            84%        1d10      1%          1
 Magic Dart               Conj           100%       1d8       1%          1
 Pain                     Necr           84%        1d8       1%          1
 Sandblast                Erth           100%       2d20      1%          1
 Searing Ray              Conj           100%       2d8       1%          2
 Iskenderun's Battlesphe  Conj           68%        2d12      1%          5
 Corpse Rot               Necr/Air       42%        N/A       2%          2
 Poisonous Vapours        Pois/Air       42%        N/A       2%          2
 Fulminant Prism          Conj/Hex       25%        3d14      2%          4
 Hailstorm                Conj/Ice       50%        3d11      2%          4
 Frozen Ramparts          Ice            42%        1d6       6%          3
 Inner Flame              Hex/Fire       21%        N/A       6%          3
 Summon Guardian Golem    Hex/Summ       21%        N/A       6%          3
 Animate Dead             Necr           10%        N/A       19%         4
 Cause Fear               Hex            10%        N/A       19%         4
 Dispel Undead            Necr           21%        3d11      19%         4
 Summon Ice Beast         Ice/Summ       21%        N/A       19%         4
 Orb of Destruction       Conj           34%        9d10      26%         7
 Conjure Ball Lightning   Conj/Air       25%        3x3d7     34%         6
 Agony                    Necr           21%        N/A       45%         5
 Excruciating Wounds      Necr           10%        N/A       45%         5
 Summon Mana Viper        Hex/Summ       21%        N/A       45%         5
 Spellforged Servitor     Conj/Summ      25%        N/A       87%         7
 Death Channel            Necr           10%        N/A       94%         6
 Haunt                    Necr/Summ      10%        N/A       100%        7
 Monstrous Menagerie      Summ           10%        N/A       100%        7
 Discord                  Hex            10%        N/A       100%        8
 Disjunction              Tloc           10%        N/A       100%        8
 Infestation              Necr           10%        N/A       100%        8


Dungeon Overview and Level Annotations

Branches:
Dungeon (11/15)            Temple (0/1) D:7            Lair (6/6) D:8
  Swamp (0/4) Lair:4        Snake (0/4) Lair:4        Slime (0/5) Lair:6
    Orc (0/2) D:11

Altars:
Hepliaklqana
Okawaru
Qazlal
Sif Muna
Uskayaw
Vehumet

Shops:
D:1 (   D:11 [


Message History

Press: ? - help, Dir - move target, f - yak, p - boulder beetle
Aim: a yak Attack!
The centaur warrior shoots an arrow.
The arrow hits you!
* * * LOW HITPOINT WARNING * * *
The yak is engulfed in blazing flames.
The yak barely misses you.
You feel much better.
You hear a shout!
The centaur warrior shoots an arrow.
You block the arrow.
Your boulder beetle is engulfed in freezing vapours.
The yak is engulfed in blazing flames.
The yak closely misses you.
You swap places.
Your boulder beetle hits the yak!
Your boulder beetle stops rolling and uncurls.
The centaur warrior shoots an arrow.
The arrow closely misses you.
The yak is engulfed in blazing flames.
You kill the yak!
Qazlal accepts your kill.
The centaur warrior shoots an arrow.
The arrow closely misses you. What are your orders? t - Shout!
Orders for allies: a - Attack new target. r - Retreat! s - Stop attacking. g - Guard the area. f - Follow me.
Anything else - Cancel.
Gang up on whom?
Press: ? - help, Dir - move target, f - centaur warrior
Aim: a centaur warrior, wielding a +0 shortbow, wearing a +0 robe and quivering arrows (severely wounded) Attack!
The centaur warrior shoots an arrow.
The arrow closely misses you.
The centaur warrior shoots an arrow.
The arrow closely misses you.
Found a club.
You hear a shout!
Your boulder beetle leaps!
The centaur warrior shoots an arrow.
The arrow closely misses you.
The centaur warrior shoots an arrow.
The arrow misses you.
Okay, then.
The centaur warrior shoots an arrow.
The arrow hits you.
The centaur warrior shoots an arrow.
The arrow hits you!
* * * LOW HITPOINT WARNING * * *
The centaur warrior shoots an arrow.
The arrow closely misses you.
The yaktaur shoots a bolt.
The bolt hits you!!
You die...

#.......#...............
#......#...............
##..........#.....#.....
#........O..c.....#.....
#...........#...........
#........○..#..........#
#.)..○..T°..c..........#
##...##°..##......#'#c..
#.... #@..##.....c..T...
#... ##..☼##............
#)...
+.....#............ #...
##....#...........§ #...
#<....#......#.#...
#.###.#......#(#...
#.###.#......#.#...
#.#............####
#.#.#.#.##.#####


You could see a centaur warrior, an ogre mage, a yaktaur and a troll.

Vanquished Creatures
  5 hydras
  Harold (D:9)
  3 catoblepae
  2 centaur warriors (D:11)
  A tengu warrior (D:11)
  Erica (D:8)
  A deep troll shaman (Lair:6)
  5 two-headed ogres
  3 death yaks
  3 lindwurms
  Joseph (D:7)
  A black mamba (Lair:4)
  13 elephants
  10 cane toads
  A torpor snail (Lair:6)
  Maggie (D:10)
  3 kobold demonologists
  2 rime drakes
  6 komodo dragons
  An efreet (D:11)
  5 polar bears
  2 trolls (D:10)
  Grinder (D:3)
  14 blink frogs
  12 dream sheep (Lair:2)
  2 wyverns
  4 basilisks
  29 yaks
  A steam dragon (D:8)
  A vampire mosquito (D:11)
  Edmund (D:6)
  3 acid dragons
  A naga (Lair:4)
  A swamp worm (Lair:4)
  6 water moccasins
  2 ice beasts
  4 orc warriors
  2 black bears
  2 ogres
  22 wolves
  3 centaurs
  5 kobold brigands
  4 bullfrogs
  3 gnoll sergeants (D:8)
  Blork the orc (D:4)
  4 scorpions
  2 water moccasin zombies (D:5)
  2 water moccasin skeletons
  4 killer bees (D:7)
  4 wights (D:8)
  6 jellies
  An electric eel (Lair:5)
  5 centaur zombies
  7 howler monkeys (D:9)
  8 orc priests
  6 hounds
  2 bullfrog skeletons
  2 centaur skeletons (D:7)
  4 gnoll shamans
  Jessica (D:2)
  An iguana (D:4)
  Natasha (thrice) (D:1)
  2 orc wizards
  6 hell rats (Lair:4)
  2 hound zombies (D:5)
  A hound skeleton (D:4)
  2 howler monkey zombies (D:7)
  Robin (D:4)
  3 adders
  21 gnolls
  A howler monkey skeleton (D:7)
  A shadow imp (D:8)
  An ufetubus (D:5)
  2 dart slugs (D:1)
  28 orcs
  5 endoplasms
  4 giant cockroaches
  2 hobgoblins
  3 jackals (D:8)
  37 kobolds
  3 quokkas
  4 ball pythons
  6 bats
  2 frilled lizards (D:1)
  10 goblins
  8 rats
412 creatures vanquished.

Vanquished Creatures (collateral kills)
  A hydra (D:11)
  A centaur zombie (D:11)
  A yak (Lair:1)
3 creatures vanquished.

Vanquished Creatures (others)
  A yak (Lair:1)
  24 fungi
  45 plants
70 creatures vanquished.

Grand Total: 485 creatures vanquished

Notes
Turn   | Place    | Note
-------+----------+-------------------------------------------
     0 | D:1      | enile the Deep Elf Earth Elementalist began the quest for
                  | the Orb.
     0 | D:1      | Reached XP level 1. HP: 10/10 MP: 6/6
    93 | D:1      | Reached XP level 2. HP: 15/15 MP: 4/8
   680 | D:1      | Reached XP level 3. HP: 19/19 MP: 7/9
  1309 | D:1      | Found Roph's Weapon Shop.
  1451 | D:2      | Found a faded altar of an unknown god.
  1470 | D:2      | Prayed at the altar of an unknown god.
  1470 | D:2      | Became a worshipper of Qazlal Stormbringer
  1470 | D:2      | Reached * piety under Qazlal
  1539 | D:2      | Noticed Jessica
  1545 | D:2      | Killed Jessica
  1546 | D:2      | Reached skill level 5 in Earth Magic
  1711 | D:2      | Noticed Natasha
  2051 | D:2      | Learned a level 3 spell: Stone Arrow
  2057 | D:2      | Reached XP level 4. HP: 18/24 MP: 0/11
  2256 | D:2      | Identified the +7 whip "Hoereagg" {pain, rPois Int+3}
  2310 | D:2      | Learned a level 4 spell: Petrify
  2394 | D:2      | Reached skill level 4 in Spellcasting
  2639 | D:3      | Noticed Grinder
  2684 | D:3      | Found a hazy altar of Hepliaklqana.
  3162 | D:4      | Noticed Robin
  3201 | D:4      | Reached skill level 1 in Fighting
  3296 | D:4      | Killed Robin
  3466 | D:4      | Noticed Blork the orc
  3823 | D:4      | Reached XP level 5. HP: 23/29 MP: 9/13
  3904 | D:4      | Reached ** piety under Qazlal
  4098 | D:5      | Entered Level 5 of the Dungeon
  4127 | D:5      | Noticed a black bear
  4150 | D:5      | Killed a black bear
  4151 | D:5      | Reached skill level 5 in Dodging
  4151 | D:5      | Reached skill level 1 in Evocations
  4151 | D:5      | Reached XP level 6. HP: 23/34 MP: 0/14
  4696 | D:5      | Found a hide-covered altar of Uskayaw.
  4702 | D:5      | Found a radiant altar of Vehumet.
  4729 | D:5      | Found an iron altar of Okawaru.
  4774 | D:5      | Noticed an ice beast
  4781 | D:5      | Killed an ice beast
  4782 | D:5      | Reached XP level 7. HP: 23/38 MP: 0/15
  5339 | D:5      | Learned a level 2 spell: Passwall
  5791 | D:6      | Reached skill level 5 in Spellcasting
  5799 | D:6      | Reached skill level 6 in Spellcasting
  6004 | D:6      | Reached XP level 8. HP: 45/45 MP: 15/19
  6130 | D:6      | Noticed Edmund
  6157 | D:6      | Killed Edmund
  6492 | D:6      | Reached skill level 1 in Armour
  7632 | D:6      | Reached skill level 7 in Spellcasting
  8316 | D:7      | Reached XP level 9. HP: 52/52 MP: 1/21
  8444 | D:7      | Noticed Joseph
  8466 | D:7      | Found a staircase to the Ecumenical Temple.
  9001 | D:7      | Reached skill level 8 in Spellcasting
  9339 | D:7      | Reached skill level 9 in Spellcasting
 10077 | D:7      | Killed Joseph
 10962 | D:4      | Killed Blork the orc
 11081 | D:3      | Killed Grinder
 11082 | D:3      | Reached skill level 5 in Evocations
 11353 | D:1      | Killed Natasha
 11649 | D:1      | Noticed Natasha
 11655 | D:1      | Killed Natasha
 11891 | D:1      | Noticed Natasha
 11896 | D:1      | Killed Natasha
 12514 | D:8      | Noticed Erica
 12521 | D:8      | Killed Erica
 12522 | D:8      | Reached XP level 10. HP: 56/56 MP: 25/25
 12797 | D:8      | Learned a level 6 spell: Iron Shot
 12967 | D:8      | Reached *** piety under Qazlal
 13090 | D:8      | Found a staircase to the Lair.
 13437 | D:8      | Reached skill level 5 in Conjurations
 13936 | D:9      | Noticed a two-headed ogre
 13941 | D:9      | Killed a two-headed ogre
 14096 | D:9      | Reached skill level 5 in Stealth
 14104 | D:9      | Identified the +0 helmet of Curiosity {Dex+2}
 14206 | D:9      | Noticed an orange demon
 14210 | D:9      | Noticed a soul eater
 14662 | D:9      | Noticed Harold
 14668 | D:9      | Killed Harold
 14669 | D:9      | Reached skill level 10 in Spellcasting
 15124 | D:9      | Reached skill level 5 in Invocations
 15576 | D:10     | Entered Level 10 of the Dungeon
 15616 | D:10     | Noticed a two-headed ogre
 15625 | D:10     | Killed a two-headed ogre
 15898 | D:10     | Noticed Maggie
 15903 | D:10     | Killed Maggie
 15904 | D:10     | Reached XP level 11. HP: 61/61 MP: 14/27
 15986 | D:10     | Reached **** piety under Qazlal
 16190 | D:10     | Reached skill level 1 in Short Blades
 16426 | D:10     | Noticed a two-headed ogre
 16431 | D:10     | Killed a two-headed ogre
 17098 | D:11     | Noticed a soul eater
 17102 | D:11     | Noticed a sixfirhy
 17378 | D:11     | Found Vennicudou's Armour Emporium.
 17570 | D:11     | Found a staircase to the Orcish Mines.
 17578 | D:11     | Bought a +2 pair of boots of rampaging for 301 gold pieces
 17687 | D:11     | Noticed a two-headed ogre
 17693 | D:11     | Noticed a two-headed ogre
 17819 | D:11     | Noticed a boulder beetle
 18025 | Lair:1   | Entered Level 1 of the Lair of Beasts
 18039 | Lair:1   | Noticed a six-headed hydra
 18049 | Lair:1   | Killed a six-headed hydra
 18050 | Lair:1   | Reached skill level 5 in Short Blades
 18422 | Lair:1   | Reached skill level 5 in Fighting
 19846 | Lair:2   | Reached skill level 11 in Spellcasting
 20172 | Lair:2   | Found a shimmering blue altar of Sif Muna.
 20274 | Lair:2   | Reached XP level 12. HP: 70/70 MP: 20/29
 20279 | Lair:2   | Reached skill level 12 in Spellcasting
 23493 | Lair:4   | Found a staircase to the Swamp.
 24042 | Lair:4   | Found a staircase to the Snake Pit.
 24138 | Lair:4   | Reached skill level 13 in Spellcasting
 24776 | Lair:3   | Reached skill level 10 in Earth Magic
 25098 | Lair:4   | Reached XP level 13. HP: 75/75 MP: 2/32
 26941 | Lair:6   | Entered Level 6 of the Lair of Beasts
 26972 | Lair:5   | Reached skill level 10 in Dodging
 27179 | Lair:6   | Found a staircase to the Slime Pits.
 29521 | Lair:6   | Reached skill level 10 in Conjurations
 30360 | Lair:6   | Reached skill level 14 in Spellcasting
 31184 | D:11     | Reached skill level 15 in Spellcasting
 31223 | D:10     | Reached skill level 1 in Shields
 31223 | D:10     | Reached XP level 14. HP: 54/82 MP: 1/35
 31506 | D:11     | Shot with a bolt by a yaktaur

Illustrated notes

Levels and vault maps discovered:
D:1:      nzn_arrival_settlement, layout_basic, serial_shops, nicolae_shop_stone
D:2:      layout_rooms, ebering_ecumenical_altar_mist, uniq_jessica,
          uniq_natasha
D:3:      layout_rooms, worldfamousw_hep_ancestral_shrine, uniq_grinder
D:4:      layout_basic, uniq_blork_the_orc, uniq_robin
D:5:      layout_basic, minmay_overflow_temple_star_quad
D:6:      layout_cave_pools, uniq_edmund
D:7:      minmay_octagon_keep, layout_basic,
          minmay_temple_entry_drinking_statues, chequers_serial_rivers_small_3,
          uniq_joseph
D:8:      layout_cave_pods, lair_entry_dummy, serial_gnoll_camp,
          gnoll_camp_huts_basic, gnoll_camp_mini_sergeant,
          gnoll_camp_mini_basic, gnoll_camp_mini_loothouse, hex_large,
          uniq_erica
D:9:      layout_long_grid, uniq_harold
D:10:     layout_grid_maze, uniq_maggie
D:11:     minmay_the_grid_square_5x5_4x4_mashed
          [minmay_the_grid_square_5x5_fancy_junction,
          minmay_the_grid_square_5x5_inverted_slash,
          minmay_the_grid_square_5x5_inner_v, minmay_the_grid_square_5x5_empty,
          minmay_the_grid_square_5x5_seven,
          minmay_the_grid_square_5x5_prize_deathbox,
          minmay_the_grid_square_5x5_prize_itemx,
          minmay_the_grid_square_5x5_tri_point,
          minmay_the_grid_square_5x5_corner,
          minmay_the_grid_square_5x5_prize_rear_guard,
          minmay_the_grid_square_5x5_prize_waves,
          minmay_the_grid_square_5x5_almost_minimal,
          minmay_the_grid_square_5x5_two_walls_b,
          minmay_the_grid_square_5x5_doubleslash,
          minmay_the_grid_square_5x5_bridge,
          minmay_the_grid_square_5x5_two_small], layout_basic, orc_david_3
Lair:1:   layout_cave_pods, beast_lair_carwin_8
Lair:2:   layout_cave_pods, basic_altar, chequers_serial_rivers_small_3,
          grunt_megastairs_1, infiniplex_staircase_pool
Lair:3:   layout_cave_shapes
Lair:4:   layout_cellular_growth, minmay_swamp_entry_worms,
          guppyfry_snake_entry_island
Lair:5:   layout_long_grid, lemuel_fruit_fields, serial_bayou_shore_a
Lair:6:   grunt_lair_end_beastmaster, layout_hall_layers,
          nicolae_slime_entry_slimehenge

Skill      XL: |  1  2  3  4  5  6  7  8  9 10 11 12 13 14 |
---------------+-------------------------------------------+-----
Earth Magic    | 4 5 6 7 8 10 11 | 11.0
Spellcasting   | 4 6 7 9 10 11 13 15 | 15.0
Fighting       | 1 2 4 6 7 |  7.0
Dodging        | 3 5 6 7 9 10 | 10.0
Stealth        | 3 4 5 |  5.0
Evocations     | 1 3 5 7 8 |  8.0
Invocations    | 3 4 6 7 8 |  8.0
Armour         | 4 |  4.0
Conjurations   | 4 7 8 10 | 10.0
Short Blades   | 5 |  5.6
Shields        | 1 2 |  2.6
Transmutations | |  1.1

Action                   |  1- 3 |  4- 6 |  7- 9 | 10-12 | 13-15 || total
-------------------------+-------+-------+-------+-------+-------++-------
Melee: Flail             |     3 |       |       |       |       ||     3
       Staff             |     1 |     1 |     5 |       |       ||     7
       Whip              |       |    27 |    41 |    76 |   125 ||   269
       Punch             |       |     2 |       |       |     1 ||     3
Throw: Dart              |       |     3 |    12 |     9 |    14 ||    38
       Javelin           |       |       |       |     2 |     8 ||    10
       Throwing net      |       |       |       |       |     4 ||     4
 Cast: Sandblast         |    35 |    15 |    16 |    23 |       ||    89
       Stone Arrow       |     3 |    33 |   141 |   267 |    21 ||   465
       Petrify           |       |     2 |    16 |    20 |    14 ||    52
       Iron Shot         |       |       |       |    51 |    82 ||   133
Invok: Upheaval          |       |       |     2 |     6 |     6 ||    14
Evoke: Wand              |       |       |     7 |     6 |    10 ||    23
       Phantom mirror    |       |       |       |       |     1 ||     1
  Use: Scroll            |     1 |       |     8 |    16 |    11 ||    36
       Potion            |     1 |       |       |     1 |     1 ||     3
 Stab: Petrified         |       |       |    22 |     5 |     8 ||    35
       Petrifying        |       |       |       |     1 |       ||     1
Armor: Robe              |     2 |    17 |       |       |       ||    19
       Acid dragon scale |       |       |    23 |       |       ||    23
       Steam dragon scal |       |       |       |     8 |       ||     8
       Troll leather arm |       |       |       |    60 |    65 ||   125
Dodge: Dodged            |    12 |    30 |    54 |   202 |   210 ||   508
       Repelled          |       |       |       |     2 |     2 ||     4
Block: Other             |       |     3 |     8 |    54 |    41 ||   106
       Buckler           |       |       |       |       |    31 ||    31
